 Dungeon Crawl Stone Soup version 0.20.0-14-g326068f (webtiles) character file.

891 McKennaii the Shield-Bearer (level 7, -11/62 HPs)
             Began as a Minotaur Fighter on June 8, 2017.
             Was a Follower of Qazlal.
             Mangled by an ogre
             ... wielding a +0 giant club
              (26 damage)
             ... on level 5 of the Dungeon.
             The game lasted 00:05:36 (4616 turns).

McKennaii the Shield-Bearer (Minotaur Fighter)      Turns: 4616, Time: 00:05:37

Health: -11/62     AC:  9    Str: 22    XL:     7   Next: 78%
Magic:  15/15      EV:  9    Int:  5    God:    Qazlal [*.....]
Gold:   71         SH: 12    Dex: 13    Spells: 6/6 levels left

rFire    + . .     SeeInvis .   a - +0 long sword
rCold    + . .     Gourm    .   c - +0 shield
rNeg     . . .     Faith    .   b - +0 scale mail
rPois    .         Spirit   .   (helmet restricted)
rElec    .         Reflect  .   r - scarf {rC+ rF+}
rCorr    .         Harm     .   x - +1 pair of gloves {Dex+3}
MR       .....                  (no boots)
Stlth    ..........             p - amulet of regeneration
Regen    0.6/turn               h - ring of magical power
MPRegen  0.2/turn               (no ring)

@: no status effects
A: retaliatory headbutt, horns 2
a: Renounce Religion


You were on level 5 of the Dungeon.
You worshipped Qazlal.
Qazlal was aware of your devotion.
You were hungry.

You visited 2 branches of the dungeon, and saw 6 of its levels.
You also visited: Ossuary.

You collected 303 gold pieces.
You spent 232 gold pieces at shops.

Inventory:

Hand Weapons
 a - a +0 long sword (weapon)
Armour
 b - a +0 scale mail (worn)
 c - a +0 shield (worn)
 r - a scarf of resistance (worn)
 x - a +1 pair of gloves of dexterity (worn)
Jewellery
 h - a ring of magical power (left hand)
 p - an amulet of regeneration (around neck)
 v - an uncursed ring of resist corrosion {unknown}
 y - an uncursed ring of stealth {unknown}
Scrolls
 j - a scroll of remove curse
 k - a scroll of fog {unknown}
 m - 5 scrolls of identify {unknown}
 n - 3 scrolls of teleportation {unknown}
 q - a scroll of amnesia {unknown}
 s - a scroll of fear {unknown}
 C - 2 scrolls of magic mapping {unknown}
 D - a scroll of noise {unknown}
 F - a scroll of immolation {unknown}
Potions
 d - a potion of might
 e - a potion of resistance {unknown}
 i - 3 potions of agility
 l - 2 potions of degeneration {unknown}
 o - a potion of ambrosia {unknown}
 u - 2 potions of curing {unknown}
 w - 3 potions of haste {unknown}
 A - a potion of cancellation {unknown}
 B - 2 potions of lignification {unknown}
 E - 2 potions of invisibility {unknown}
Comestibles
 f - 5 bread rations
 g - 2 meat rations
 t - 2 royal jellies
 z - 2 fruits


   Skills:
 + Level 5.9 Fighting
 + Level 6.2 Long Blades
 + Level 5.5 Armour
 + Level 2.6 Dodging
 + Level 0.3 Stealth
 + Level 6.3 Shields


You had 6 spell levels left.
You didn't know any spells.

Dungeon Overview and Level Annotations

Branches:
Dungeon (5/15)             Temple (1/1) D:4

Altars:
Ashenzari
Cheibriados
Dithmenos
Elyvilon
Kikubaaqudgha
Makhleb
Nemelex Xobeh
Okawaru
Qazlal
Sif Muna
Trog
Uskayaw
Vehumet
Xom
Yredelemnul
Zin
The Shining One

Shops:
D:4 *


Innate Abilities, Weirdness & Mutations

You reflexively headbutt those who attack you in melee.
You have a pair of horns on your head.


Message History

You hit the ogre.
The ogre is heavily wounded.
The ogre hits you with a giant club!
You hit the ogre.
The ogre is heavily wounded.
You block the ogre's attack.
You barely miss the ogre.
The ogre is heavily wounded.
You block the ogre's attack.
You completely miss the ogre. You headbutt the ogre!
The ogre is almost dead.
The ogre hits you with a giant club.
You hit the ogre.
The ogre is almost dead.
The ogre hits you with a giant club!!
* * * LOW HITPOINT WARNING * * *
You hit the ogre but do no damage.
The ogre is almost dead.
The ogre hits you with a giant club!!
You die...

##.# #.#.#...#.##.#.......# #..#
#.#.#..(...........#.#
#..#####.#.#...#..#.#.#...#.#
###..##......#..............#.#
8##..##..........#.>..#.....#.#
..#..#................#.....#.#
..#..#.###.#.....#..#.#.....#.#
..#..#.# #.#.##ยง<.....#...#...#
..#..#.# #.#....@O............###
..#....###....................>..
8###...<.....###.##.#......#..###
###...............#.#......#.....
#####..###.##...#.#......######
#........#.##........)...#
#####..#.#........##.....# ####
#..#.#........##..#..#
...####..#.#........##..#..#


You could see an ogre.

Vanquished Creatures
  3 ogres
  A scorpion (D:4)
  A bullfrog zombie (D:5)
  A centaur zombie (Ossuary)
  A human zombie (Ossuary)
  2 bullfrog skeletons (D:5)
  2 hounds (D:4)
  An orc wizard (D:4)
  A centaur skeleton (D:4)
  2 worker ants (D:4)
  2 mummies (Ossuary)
  A howler monkey skeleton (D:5)
  4 adders
  8 gnolls (D:4)
  4 adder zombies (Ossuary)
  4 worms
  2 leopard geckos (D:4)
  8 orcs
  4 giant cockroaches
  5 goblins
  5 hobgoblins
  9 jackals
  8 kobolds
  3 quokkas
  7 bats
  5 frilled lizards
  12 hobgoblin zombies (Ossuary)
  10 kobold zombies (Ossuary)
  A leopard gecko skeleton (D:4)
  8 orc zombies (Ossuary)
  9 rats
  A rat zombie (Ossuary)
135 creatures vanquished.

Notes
Turn   | Place    | Note
-------+----------+-------------------------------------------
     0 | D:1      | McKennaii the Minotaur Fighter began the quest for the Orb.
     0 | D:1      | Reached XP level 1. HP: 19/19 MP: 0/0
   467 | D:1      | Reached XP level 2. HP: 20/27 MP: 1/1
   663 | D:2      | Found a shattered altar of Ashenzari.
   980 | D:2      | Reached XP level 3. HP: 28/33 MP: 2/2
  1661 | D:3      | Reached XP level 4. HP: 41/41 MP: 3/3
  2322 | D:4      | Reached XP level 5. HP: 42/47 MP: 4/4
  2363 | D:4      | Reached skill level 1 in Dodging
  2363 | D:4      | Reached skill level 5 in Shields
  2623 | D:4      | Reached XP level 6. HP: 49/55 MP: 5/5
  2633 | D:4      | Found a staircase to the Ecumenical Temple.
  2647 | D:4      | Reached skill level 5 in Armour
  2665 | Temple   | Entered the Ecumenical Temple
  2718 | Temple   | Became a worshipper of Qazlal Stormbringer
  2796 | D:4      | Found a sparkling altar of Nemelex Xobeh.
  2857 | D:4      | Found a glowing silver altar of Zin.
  2864 | D:4      | Reached skill level 5 in Long Blades
  2880 | D:4      | Reached skill level 5 in Fighting
  3038 | D:4      | Reached XP level 7. HP: 42/61 MP: 6/6
  3094 | D:4      | Found Qetap's Assorted Antiques.
  3097 | D:4      | Bought a pair of embroidered gloves for 232 gold pieces
  3384 | D:5      | Entered Level 5 of the Dungeon
  3414 | D:5      | Found a sand-covered staircase.
  3810 | Ossuary  | Entered an ossuary
  3902 | Ossuary  | Reached * piety under Qazlal
  4616 | D:5      | Mangled by an ogre

Skill      XL: |  1  2  3  4  5  6  7 |
---------------+----------------------+-----
Fighting       | 4 5 |  5.9
Shields        | 4 5 6 |  6.3
Long Blades    | 3 4 5 6 |  6.2
Armour         | 4 5 |  5.5
Dodging        | 1 2 |  2.6
Stealth        | |  0.3

Action                   |  1- 3 |  4- 6 |  7- 9 || total
-------------------------+-------+-------+-------++-------
Melee: Long sword        |    96 |   164 |   121 ||   381
       Headbutt          |    17 |    36 |    34 ||    87
Evoke: Wand              |       |     2 |       ||     2
  Use: Scroll            |     1 |       |       ||     1
  Eat: Chunk             |     2 |     5 |     3 ||    10
       Fruit             |       |       |     2 ||     2
Armor: Scale mail        |    41 |    61 |    25 ||   127
Dodge: Dodged            |    32 |    62 |    25 ||   119
Block: Shield            |    56 |   107 |    47 ||   210
       Rpst.: Long sword |    10 |    14 |    13 ||    37
